AoeStats
← juonma

Arabia

508312430Analyzed
1v1 RM · 10d ago on Sep 21, 2026· 54m 4s· 2 players
Game mode
Random Map
Map size
Tiny (2 player)
Population
200
Speed
Normal
Resources
Standard
Victory
Conquest
Starting age
Dark Age
Ending age
Imperial Age
RankedLock teamsTeams togetherTeam positionsShared explorationLock speedFull tech treeHidden civsTurbo modeCheats
Victory
Defeat
🇨🇱 Mapuche · Chile
484
+21
🇺🇸 Turks · United States
590
-21
fabian8883073
0:32 Loom
13:09 Feudal Age
18:36 Castle Age
26:53 Wheelbarrow
28:48 Pikeman
30:46 Elite Skirmisher
35:32 Gold Mining
35:24 Horse Collar
35:31 Double-Bit Axe
35:45 Stone Mining
41:12 Imperial Age
42:33 Gold Shaft Mining
42:09 Bow Saw
42:00 Heavy Plow
42:37 Stone Shaft Mining
41:23 Halberdier
41:32 Halberdier
42:01 Elite Kona
42:42 Malon
42:52 Butalmapu
45:03 Malon
45:23 Conscription
45:21 Hand Cart
44:52 Town Watch
45:22 Bow Saw
45:12 Heavy Plow
45:48 Stone Shaft Mining
47:28 Chemistry
47:42 Arson
47:35 Elite Bolas Rider
52:23 Padded Archer Armor
52:14 Fletching
52:25 Scale Mail Armor
52:36 Forging
juonma
6:50 Loom
10:40 Feudal Age
11:24 Double-Bit Axe
14:22 Horse Collar
16:42 Bloodlines
21:28 Scale Barding Armor
26:32 Castle Age
28:19 Heavy Plow
29:29 Bow Saw
29:37 Stone Mining
30:01 Gold Mining
31:29 Husbandry
33:17 Gold Shaft Mining
37:12 Wheelbarrow
39:38 Imperial Age
36:54 Town Watch
38:38 Hand Cart
38:24 Town Patrol
40:01 Forging
40:12 Chain Barding Armor
41:36 Conscription
41:54 Ballistics
41:17 Treadmill Crane
41:50 Fortified Wall
41:55 Masonry
44:00 Iron Casting
44:01 Plate Barding Armor
46:07 Blast Furnace
47:59 Two-Man Saw
52:08 Elite Janissary
53:10 Elite Janissary
Connection lost

Rejoining the realm…

Still unreachable

The connection could not be restored.

Session expired

The server has moved on; the page needs a fresh start.